[Event "*** Titled Tuesday 3|2 Blitz"]
[Site "Chess.com"]
[Date "2017.05.02"]
[Round "3"]
[White "sergiochess83"]
[Black "martinique24"]
[Result "1-0"]
[WhiteElo "2664"]
[BlackElo "2432"]
[TimeControl "180+2"]
[EndTime "13:34:09 PDT"]
[Termination "sergiochess83 won on time"]

1. e4 e6 2. d4 d5 3. Nd2 Nf6 4.
e5 Nfd7 5. Bd3 c5 6. c3 Nc6 7. Ndf3 cxd4 8. cxd4 Qa5+ 9. Kf1 f6 10.
exf6 Nxf6 11. Nh3 Qb6 12. Nf4 Bd7 13. g3 Bd6 14. Kg2 O-O 15. Re1 Rae8 16. a3 e5 17. dxe5 Nxe5 18. Be3 Qd8 19. Nxe5 Bxe5 20. Qb3 Kh8 21.
Rad1 d4 22. Bc1 Bc6+ 23. Kg1 Nd5 24. Nxd5 Bxd5 25. Bc4 Bf3 26. Rd3 Qf6 27. Bg5 Qf5 28.
Bf4 Bc6 29. Bd5 Bxf4 30. Rxe8 Rxe8 31. Bxc6 Qh3 32. Bxe8 1-0

[Event "*** Titled Tuesday 3|2 Blitz"]
[Site "Chess.com"]
[Date "2017.05.02"]
[Round "3"]
[White "Msb2"]
[Black "vpantev"]
[Result "0-1"]
[WhiteElo "2549"]
[BlackElo "2464"]
[TimeControl "180+2"]
[EndTime "13:34:17 PDT"]
[Termination "vpantev won by resignation"]

1. d4 Nf6 2. c4 e6 3. Nf3 Bb4+ 4.
Nbd2 O-O 5. a3 Bxd2+ 6. Bxd2 h6 7.
g3 b6 8. Bg2 Bb7 9. O-O d6 10.
Qc2 Nbd7 11. b3 Qe7 12. Bc3 Rac8 13. Rfe1 Be4 14. Qd1 c5 15. Bf1 d5 16. Nd2 Bf5 17.
dxc5 Nxc5 18. Bxf6 Qxf6 19. cxd5 exd5 20. Bg2 Rfd8 21.
Rc1 d4 22. b4 Ne6 23. Qa4 Qe7 24. Qa6 Rc3 25. Ne4 Bxe4 26. Bxe4 Qc7 27. Rcd1 g5 28. Bf5 Ng7 29. Bd3 h5 30. a4 h4 31. a5 h3 32. Qb5 Qb7 33. f3 g4 34.
Be4 Qd7 35. Qxd7 Rxd7 36. axb6 axb6 37. fxg4 Ne6 38. Bf5 Rd5 39. Bd3 Kg7 40. Ra1 Re5 41. Rec1 Kf6 42. Kf2 Rb3 43. Rcb1 Rc3 44. Ra7 Ng5 45. Rb7 Ne4+ 46. Bxe4 Rxe4 47. Rxb6+ Kg7 48. Rb2 Rc1 49. Kf3 Re3+ 50. Kf4 Rh1 51. Rd6 Rxh2 52.
Rxd4 Re6 53. b5 Rg2 54. Kf3 Rg1 55. e4 Rf6+ 56. Ke3 Rxg3+ 57. Kd2 Rg2+ 58. Kc3 Rf3+ 0-1

[Event "*** Titled Tuesday 3|2 Blitz"]
[Site "Chess.com"]
[Date "2017.05.02"]
[Round "3"]
[White "Cayse"]
[Black "Michelangelo"]
[Result "0-1"]
[WhiteElo "2652"]
[BlackElo "2608"]
[TimeControl "180+2"]
[EndTime "13:34:25 PDT"]
[Termination "Michelangelo won by resignation"]

1. e4 e5 2. Nf3 Nc6 3. Bc4 Bc5 4.
c3 Nf6 5. d4 exd4 6. e5 d5 7.
Bb5 Ne4 8. cxd4 Bb6 9. Nc3 O-O 10. Be3 Bf5 11. O-O Kh8 12. Bxc6 bxc6 13. Rc1 f6 14. h3 Qd7 15. exf6 gxf6 16. Nxe4 Bxe4 17. Nd2 Rae8 18. Re1 f5 19. Bf4 Bxd4 20. Nxe4 dxe4 21. Rc4 c5 22. Rxc5 Rd8 23. Rxc7 Qe6 24. Qe2 Qg6 25. Rd1 Rg8 26. g3 Qf6 27. Kg2 Bb6 28. Rcd7 Rxd7 29. Rxd7 Re8 30. b4 e3 31. fxe3 Qc6+ 32.
Kh2 Qxd7 33. h4 Qe6 34. Qb2+ Kg8 35. Bh6 Qe5 36. Qb3+ Re6 37. Qc4 Kf7 38. Qc8 Rxh6 0-1

[Event "*** Titled Tuesday 3|2 Blitz"]
[Site "Chess.com"]
[Date "2017.05.02"]
[Round "3"]
[White "PaulfromSPb"]
[Black "severomorskij"]
[Result "0-1"]
[WhiteElo "2567"]
[BlackElo "2692"]
[TimeControl "180+2"]
[EndTime "13:34:28 PDT"]
[Termination "severomorskij won by resignation"]

1. e4 c5 2. Ne2 Nc6 3. d4 cxd4 4.
Nxd4 e5 5. Nb5 d6 6. N1c3 a6 7. Na3 Be7 8. Nd5 Nf6 9. Nxf6+ Bxf6 10. Nc4 Be7 11. Be3 O-O 12. Nb6 Rb8 13. Bc4 Be6 14. Bd5 Bg5 15. Nc4 Bxd5 16. Qxd5 Bxe3 17. Nxe3 Ne7 18.
Qd3 Qa5+ 19. c3 Rbd8 20. O-O d5 21. exd5 Nxd5 22. Nxd5 Qxd5 23. Qe2 f6 24. Rfd1 Qe6 25. c4 e4 26. b3 f5 27. Rxd8 Rxd8 28. Rd1 Rd6 29.
g3 Qd7 30. Rxd6 Qxd6 31. h4 Qd4 32. Kg2 g6 33. Qe3 Qxe3 34. fxe3 h6 35. Kf2 Kf7 36. Ke2 Ke6 37. a3 g5 38. hxg5 hxg5 39. b4 Ke5 40. c5 Kd5 41. Kd2 Kc4 42. Kc2 g4 43.
Kb2 Kd3 44. Kb3 f4 0-1

[Event "*** Titled Tuesday 3|2 Blitz"]
[Site "Chess.com"]
[Date "2017.05.02"]
[Round "3"]
[White "pKiLz5Rn9b"]
[Black "gmcorrales"]
[Result "1-0"]
[WhiteElo "2458"]
[BlackElo "2539"]
[TimeControl "180+2"]
[EndTime "13:34:29 PDT"]
[Termination "pKiLz5Rn9b won on time"]

1. d4 d5 2. Nf3 c6 3. Nbd2 Nf6 4. e3 g6 5. Bd3 Bg7 6. O-O O-O 7.
c3 a5 8. a4 Bg4 9. Re1 Nbd7 10. Qb3 Bxf3 11. Nxf3 Rb8 12. c4 e6 13. Qc2 Re8 14.
Bd2 dxc4 15. Bxc4 Nd5 16. e4 Nb4 17. Bxb4 axb4 18. Bb3 Qa5 19. Rac1 Rbc8 20. e5 Nb6 21. Qe4 Red8 22. Qh4 h6 23. Qg4 Nd5 24. Nd2 Qa7 25. Nc4 Rd7 26. Nd6 Rcd8 27. Rcd1 Rxd6 28. exd6 Rxd6 29. h4 Qa5 30. h5 Nf6 31. Qg3 Qd8 32. hxg6 fxg6 33. Qxg6 Qd7 34. Rxe6 Rxe6 35.
Re1 Qxd4 36. Rxe6 Kh8 37. Re8+ Nxe8 38. Qxe8+ Kh7 39. Bc2+ 1-0

[Event "*** Titled Tuesday 3|2 Blitz"]
[Site "Chess.com"]
[Date "2017.05.02"]
[Round "3"]
[White "Larax"]
[Black "SidArun"]
[Result "0-1"]
[WhiteElo "1970"]
[BlackElo "2073"]
[TimeControl "180+2"]
[EndTime "13:34:34 PDT"]
[Termination "SidArun won by resignation"]

1. e4 c6 2. d4 d5 3. Nc3 dxe4 4.
Nxe4 Bf5 5. Ng3 Bg6 6. h4 h6 7. Nf3 Nd7 8. h5 Bh7 9. Bd3 Bxd3 10. Qxd3 e6 11. Bd2 Ngf6 12. O-O-O Be7 13. Ne4 Nxe4 14. Qxe4 Nf6 15. Qe2 Qd5 16. Kb1 Qe4 17. Be3 Ng4 18. Nd2 Qf5 19. f3 Nxe3 20. Qxe3 Bg5 21. Qe2 Bxd2 22.
Qxd2 O-O-O 23. Qe3 Rd7 24. g4 Qb5 25. b3 Rhd8 26. c4 Qb6 27. c5 Qb4 28. Qe5 Rxd4 29. Rxd4 Qxd4 30. Qxd4 Rxd4 31. Kc2 Rf4 32. Rh3 Rd4 33.
Kc3 Rd5 34. b4 a5 35. a3 axb4+ 36. axb4 Kc7 37. f4 Kd7 38. Rg3 f6 39. Kc4 e5 40.
fxe5 Rxe5 41. b5 Re4+ 42. Kd3 Ra4 43. bxc6+ Kxc6 44. Rg1 Kxc5 45. Ke3 b5 46. Rc1+ Rc4 47. Rg1 b4 48. Kd3 Rc3+ 49. Kd2 Kc4 50. Ra1 Rg3 51.
Ra7 Rg2+ 52. Ke3 Rxg4 53. Rc7+ Kb3 54. Rb7 g6 55. hxg6 Rxg6 56. Kd4 Rg4+ 57. Kc5 Kc3 58. Rf7 Rf4 59. Rh7 b3 60. Rxh6 Rf5+ 61. Kd6 Rf2 62. Kc5 b2 63. Rh1 Kc2 0-1

[Event "*** Titled Tuesday 3|2 Blitz"]
[Site "Chess.com"]
[Date "2017.05.02"]
[Round "3"]
[White "Blitzstream"]
[Black "162a54f5d"]
[Result "1-0"]
[WhiteElo "2462"]
[BlackElo "2480"]
[TimeControl "180+2"]
[EndTime "13:34:38 PDT"]
[Termination "Blitzstream won by resignation"]

1. g3 Nf6 2. Bg2 e5 3. b3 d5 4.
Bb2 Bd6 5. d3 O-O 6. Nd2 Re8 7.
e3 a5 8. a3 c6 9. Ne2 Nbd7 10.
h3 Nf8 11. e4 dxe4 12. dxe4 Ng6 13. Nc4 Bc7 14. Qxd8 Rxd8 15. Rd1 Be6 16. Ne3 Nf8 17. Nc1 N6d7 18. Nd3 f6 19. f4 exf4 20. gxf4 Bb6 21.
Ke2 Nc5 22. Nxc5 Bxc5 23. Rxd8 Rxd8 24. Rd1 Re8 25. Bc3 a4 26. b4 Bb6 27. Bd4 Bc7 28.
f5 Bf7 29. Bc5 Rd8 30. Rxd8 Bxd8 31. Kd3 Nd7 32. Bd6 Nb6 33. c4 Nc8 34. Bf4 Kf8 35.
c5 Ke7 36. Nc4 Kd7 37. Bf3 Na7 38. Nd6 Bb3 39. Nxb7 Nb5 40. Na5 Bxa5 41. bxa5 Nxa3 42. e5 Nc4 43. e6+ Ke7 44. a6 Nb2+ 45. Kc3 a3 46.
Kxb3 a2 47. Kxb2 1-0

[Event "*** Titled Tuesday 3|2 Blitz"]
[Site "Chess.com"]
[Date "2017.05.02"]
[Round "3"]
[White "Malev212"]
[Black "gmjoey1"]
[Result "1/2-1/2"]
[WhiteElo "2482"]
[BlackElo "2502"]
[TimeControl "180+2"]
[EndTime "13:34:39 PDT"]
[Termination "Game drawn by repetition"]

1. e4 c6 2. Nc3 d5 3. Nf3 dxe4 4.
Nxe4 Nf6 5. Nxf6+ exf6 6. d4 Bd6 7. Bd3 O-O 8. O-O Bg4 9. Be4 f5 10. Bd3 Qf6 11. h3 Bh5 12. c3 Nd7 13. g3 c5 14. Kg2 cxd4 15. cxd4 Nb6 16. Qb3 Bxf3+ 17. Kxf3 f4 18. gxf4 Rad8 19. Be3 Bxf4 20. Kg2 Qg5+ 21.
Kh1 Bxe3 22. fxe3 Qg3 23. Bf5 g6 24. Bg4 h5 25. Bf3 Qxh3+ 26. Kg1 Qg3+ 27. Bg2 Nd5 28. Rf3 Qg5 29. Raf1 b6 30. e4 Ne7 31. Rxf7 Rxf7 32.
Qxf7+ Kh8 33. d5 Ng8 34. Qe6 Qg3 35. Rf3 Qe1+ 36. Kh2 Qh4+ 37. Bh3 Qg5 38. Rg3 Qd2+ 39. Rg2 Qf4+ 40. Kh1 Rd6 41. Qe8 Qf1+ 42. Kh2 Qf4+ 43.
Kg1 Qe3+ 44. Kh2 Qf4+ 45. Kh1 Rf6 46. Be6 Qh4+ 47. Kg1 Qe1+ 48. Kh2 Qh4+ 49. Kg1 Qe1+ 50. Kh2 Qh4+ 51. Kg1 1/2-1/2

[Event "*** Titled Tuesday 3|2 Blitz"]
[Site "Chess.com"]
[Date "2017.05.02"]
[Round "3"]
[White "Ez_Chess2016"]
[Black "aa175"]
[Result "1-0"]
[WhiteElo "1986"]
[BlackElo "1795"]
[TimeControl "180+2"]
[EndTime "13:34:40 PDT"]
[Termination "Ez_Chess2016 won by checkmate"]

1. e4 c5 2. Nf3 e6 3. b3 d5 4. exd5 exd5 5. d4 cxd4 6. Nxd4 Nc6 7. Bb2 Nf6 8. Be2 Bc5 9. O-O O-O 10. Nxc6 bxc6 11.
Nd2 a5 12. Nf3 Re8 13. c4 Ba6 14. Rc1 Qb6 15. Bxf6 gxf6 16. Bd3 Rad8 17. Qc2 h6 18. cxd5 Bxd3 19. Qxd3 Rxd5 20. Qc3 Kg7 21. Rc2 Re6 22. g3 Red6 23. Kg2 Re6 24. Rfc1 Ba3 25. Rf1 Bc5 26. Qc4 f5 27. Qf4 f6 28. Rc4 Re2 29. Nh4 Ree5 30. Kh3 Bd6 31. Qf3 Bc5 32. Qh5 Qd8 33. f4 Re2 34. Qg6+ Kf8 35. Qxh6+ Kg8 36. Qg6+ Kh8 37. Nxf5 Qd7 38. Kg4 Rxh2 39.
Re4 Bf8 40. Re8 Rh7 41. Rxf8# 1-0

[Event "*** Titled Tuesday 3|2 Blitz"]
[Site "Chess.com"]
[Date "2017.05.02"]
[Round "3"]
[White "chessking2151"]
[Black "djano"]
[Result "1-0"]
[WhiteElo "2353"]
[BlackElo "2378"]
[TimeControl "180+2"]
[EndTime "13:34:42 PDT"]
[Termination "chessking2151 won by resignation"]

1. e4 e6 2. d4 d5 3. Nd2 Be7 4. Bd3 Nf6 5. Qe2 dxe4 6. Nxe4 Nbd7 7. Ng3 c5 8. Nf3 O-O 9. O-O cxd4 10. Nxd4 Nc5 11. Rd1 Nxd3 12. Rxd3 Qc7 13. c3 Nd5 14. Nh5 g6 15. Bh6 Rd8 16. Rad1 Bd7 17. Rg3 Rac8 18. Nf3 Bb5 19. Qxb5 Nxc3 20. Rxd8+ Rxd8 21. Qf1 Rd1 22. Ne1 Ne4 23. Rd3 Qc2 24. Rxd1 Qxd1 25. Ng3 Nc5 26. Nf3 Qc2 27. Qc1 Qa4 28. Ne5 a5 29. a3 Bd6 30. Nc4 Nd3 31. Qc3 Qd1+ 32. Nf1 Bf8 33. Bxf8 Kxf8 34. Ne3 Qe2 35. Qd2 Qxd2 36. Nxd2 Nxb2 37.
Ndc4 Nd3 38. Nxa5 b6 39. Nac4 b5 40. Nd6 b4 41. axb4 Nxb4 42. Kf1 Ke7 43. Nec4 f5 44. f4 Nd3 45. g3 Nc5 46. Ke2 Ne4 47. Nxe4 fxe4 48.
Ke3 e5 49. Nxe5 1-0

[Event "*** Titled Tuesday 3|2 Blitz"]
[Site "Chess.com"]
[Date "2017.05.02"]
[Round "3"]
[White "GrigorGrigorov"]
[Black "RobertoJBM"]
[Result "0-1"]
[WhiteElo "2499"]
[BlackElo "2463"]
[TimeControl "180+2"]
[EndTime "13:34:43 PDT"]
[Termination "RobertoJBM won by resignation"]

1. d4 d5 2. c4 c6 3. cxd5 cxd5 4.
Nc3 Nf6 5. Nf3 Nc6 6. Bf4 Bf5 7.
Qb3 Na5 8. Qa4+ Bd7 9. Qc2 Rc8 10. e3 e6 11. Bd3 Be7 12. O-O O-O 13. Ne5 Nc6 14.
Qe2 Nxe5 15. dxe5 Ne8 16. Rad1 Bc6 17. Bb1 Qa5 18. Qh5 g6 19. Qh6 Ng7 20. Bg5 Bxg5 21. Qxg5 Rfd8 22. Rd4 Rd7 23. Qh6 Nf5 24. Bxf5 exf5 25.
Rh4 f6 26. exf6 Qd8 27. Qg5 Rf7 28. Rd1 Qxf6 29. Qxf6 Rxf6 30. Rhd4 Rd6 31. h4 Rcd8 32. Kh2 Kg7 33. b4 b6 34. b5 Be8 35. a4 Bf7 36.
Kg3 h6 37. R1d2 R6d7 38. Na2 Rd6 39. Nb4 R8d7 40. Rc2 Kf6 41. Rc8 g5 42. Nc6 Be6 43.
Ra8 Rg7 44. hxg5+ hxg5 45. Rxa7 f4+ 46. exf4 gxf4+ 47. Kf3 Rxc6 48. Rxf4+ Ke5 49. Rxg7 Rc3+ 50. Ke2 Kxf4 51. Rb7 d4 52. Rxb6 Bc4+ 53. Kd2 Ra3 54. Rc6 Rxa4 55. b6 Bd5 56. Rd6 Ke5 57. Rd8 Rb4 58.
Rb8 Rb2+ 59. Kc1 Rb5 60. g4 Be4 61. g5 Kf5 62. f4 Kxf4 63. g6 Ke3 0-1

[Event "*** Titled Tuesday 3|2 Blitz"]
[Site "Chess.com"]
[Date "2017.05.02"]
[Round "3"]
[White "Alexander_Moskalenko"]
[Black "GamayevOleg"]
[Result "1-0"]
[WhiteElo "2670"]
[BlackElo "2414"]
[TimeControl "180+2"]
[EndTime "13:34:52 PDT"]
[Termination "Alexander_Moskalenko won by resignation"]

1. e4 d6 2. d4 Nf6 3. Nc3 e5 4.
dxe5 dxe5 5. Qxd8+ Kxd8 6. Bg5 Be7 7. O-O-O+ Nfd7 8. Be3 c6 9. f4 f6 10. Nf3 Kc7 11.
fxe5 Nxe5 12. Nxe5 fxe5 13. Bc4 Nd7 14. Be6 Bc5 15. Bg5 Re8 16. Bh3 Be7 17. Be3 b6 18.
Rhf1 Nf6 19. Bxc8 Raxc8 20. h3 Rcd8 21. Rd3 Rxd3 22. cxd3 Rf8 23. Rf5 Nd7 24. g4 g6 25.
Rxf8 Nxf8 26. Ne2 Ne6 27. Ng1 Bg5 28. Kd2 Bxe3+ 29. Kxe3 Nd4 30. h4 h6 31. Nh3 Kd6 32. h5 gxh5 33. gxh5 Ne6 34. Nf2 Ng7 35. Ng4 Nxh5 36.
Nxh6 Nf6 37. b4 b5 38. Nf7+ Ke6 39. Ng5+ Kd6 40. d4 exd4+ 41. Kxd4 Nd7 42. Nf7+ Ke6 43.
Nd8+ Kd6 44. Nb7+ Kc7 45. Nc5 Nb6 46. Ke5 a5 47. bxa5 Nc4+ 48. Kf6 Nxa5 49. e5 Nc4 50. e6 Nd6 51. e7 Kb6 52. Nd7+ Ka5 53. Ke6 Ne8 54. Nf6 Ng7+ 55. Kd7 Ka4 56. Kxc6 b4 57.
Nh5 Nf5 58. e8=Q Nd4+ 59. Kc5+ Ka3 60. Kxd4 Kxa2 61. Qa4+ 1-0

[Event "*** Titled Tuesday 3|2 Blitz"]
[Site "Chess.com"]
[Date "2017.05.02"]
[Round "3"]
[White "Quiet_Desperation"]
[Black "ItalianMachine"]
[Result "0-1"]
[WhiteElo "2168"]
[BlackElo "2206"]
[TimeControl "180+2"]
[EndTime "13:34:54 PDT"]
[Termination "ItalianMachine won by resignation"]

1. e4 g6 2. d4 Bg7 3. Nc3 d6 4. Be3 a6 5. f3 b5 6. Qd2 Nd7 7.
O-O-O Bb7 8. Kb1 Rc8 9. d5 c5 10. dxc6 Bxc6 11. Bd4 Ngf6 12. g4 O-O 13. h4 h5 14.
gxh5 Nxh5 15. Bxg7 Kxg7 16. Bh3 Rc7 17. Nge2 Ne5 18.
Nd4 Nc4 19. Nf5+ Kg8 20. Qh6 e6 21. Nxd6 Qf6 22. Nxc4 bxc4 23. Rdg1 Rb8 24. Ka1 Rxb2 25. Bxe6 Qxc3 26. Rxg6+ Ng7 27. Rxg7+ Qxg7 28. Qxg7+ Kxg7 29. Kxb2 fxe6 30. Kc3 Be8 31. Rd1 Bh5 32. Rd6 Kf6 33.
Rxa6 Bxf3 34. Kd4 Rd7+ 35. Ke3 Bd1 36. Rc6 Bxc2 37. Rxc4 Bb1 38. a4 Rd3+ 39. Kf4 Rh3 40.
Kg4 Re3 41. Kf4 Ra3 42. h5 Rh3 43. e5+ Kg7 44. Kg5 Rg3+ 45. Kh4 Rg1 46. Rc7+ Kh6 47. Re7 Bf5 48. a5 Rg4+ 49. Kh3 Rg7+ 0-1

[Event "*** Titled Tuesday 3|2 Blitz"]
[Site "Chess.com"]
[Date "2017.05.02"]
[Round "3"]
[White "Abdodi"]
[Black "Wolverine_master"]
[Result "0-1"]
[WhiteElo "2053"]
[BlackElo "1955"]
[TimeControl "180+2"]
[EndTime "13:34:55 PDT"]
[Termination "Wolverine_master won by resignation"]

1. e4 d5 2. exd5 Qxd5 3. Nc3 Qd6 4. d4 Nf6 5. Nf3 a6 6. Bc4 Nc6 7. a4 Bg4 8. Be3 e6 9. Be2 O-O-O 10. h3 Bh5 11.
O-O e5 12. dxe5 Nxe5 13. Qxd6 Bxd6 14. Nxe5 Bxe5 15. Bxh5 Nxh5 16. Ne4 Rhe8 17. Ng5 Rd7 18.
Rab1 h6 19. Nf3 Bd6 20. b4 Nf4 21. b5 axb5 22. axb5 Ne2+ 23. Kh1 Bf4 24. Bxf4 Nxf4 25. Ra1 Rde7 26. Ra8+ Kd7 27. Rd1+ Ke6 28. Nd4+ Kf6 29.
Rxe8 Rxe8 30. Kh2 Rd8 31. Rd2 Ne6 32. Nf3 Rxd2 33. Nxd2 Nd4 34. c4 Ke5 35. Kg3 Nf5+ 36. Kf3 Kd4 37. g4 Nd6 38. Kf4 Nxc4 39. Nb3+ Kd5 40.
f3 Nd6 41. Ke3 Nxb5 42. Na5 b6 43. Nb7 c5 44. Nd8 Nd6 45. f4 b5 46. h4 b4 47. g5 c4 48. Kd2 b3 49. Kc3 Ke4 50.
Nc6 Kxf4 51. gxh6 gxh6 52. Nd4 Kg4 53. Ne2 Kxh4 54. Nf4 0-1

[Event "*** Titled Tuesday 3|2 Blitz"]
[Site "Chess.com"]
[Date "2017.05.02"]
[Round "3"]
[White "MagnusCarlsen"]
[Black "Rodalquilar"]
[Result "1-0"]
[WhiteElo "2972"]
[BlackElo "2540"]
[TimeControl "180+2"]
[EndTime "13:34:56 PDT"]
[Termination "MagnusCarlsen won by resignation"]

1. e4 e5 2. Nf3 Nc6 3. Bc4 d6 4. d4 exd4 5. Nxd4 g6 6. Nc3 Bg7 7. Be3 Nf6 8. f3 O-O 9. Qd2 Ne5 10. Be2 a6 11. O-O c5 12. Nb3 b5 13. Rad1 Nc4 14.
Bxc4 bxc4 15. Nc1 Qb6 16. N1e2 Be6 17. b3 Rfd8 18. Nf4 Qb4 19. Na4 Qxd2 20. Rxd2 cxb3 21. axb3 Bh6 22. Kf2 c4 23. Nxe6 Bxe3+ 24. Kxe3 fxe6 25. Nb6 c3 26. Rd3 Rab8 27. Na4 d5 28. Rfd1 Rdc8 29.
h3 Rb4 30. Rxc3 Rd8 31. Rc6 Re8 32. Nc5 dxe4 33. fxe4 Nh5 34. Nxe6 Rb5 35. Rd5 Rbb8 36. Rxa6 Nf6 37. Rd4 Rbc8 38. Kd3 Nh5 39. e5 Rxe6 40. Rxe6 Rf8 41. Ke3 Rf1 42. Re7 Re1+ 43. Kd2 1-0

[Event "*** Titled Tuesday 3|2 Blitz"]
[Site "Chess.com"]
[Date "2017.05.02"]
[Round "3"]
[White "hermionegrangermagic"]
[Black "politeplayer"]
[Result "1-0"]
[WhiteElo "2265"]
[BlackElo "2081"]
[TimeControl "180+2"]
[EndTime "13:34:57 PDT"]
[Termination "hermionegrangermagic won by resignation"]

1. Nf3 d5 2. d4 e6 3. c4 c5 4.
cxd5 exd5 5. g3 Nc6 6. Bg2 Nf6 7. O-O Be7 8. Nc3 O-O 9. Bg5 c4 10. Re1 Bf5 11. Ne5 h6 12. Bf4 Qb6 13. Bxd5 Rad8 14. Bxc6 bxc6 15. Nxc4 Qxd4 16. Qxd4 Rxd4 17. Ne5 Rc8 18.
a3 Bd6 19. Nf3 Rxf4 20. gxf4 Bxf4 21. e3 Bc7 22. Nd4 Bd7 23. Red1 Bg4 24. f3 Bh5 25. Kf2 Bxh2 26. Nf5 Re8 27. Rh1 Be5 28. Rag1 Bg6 29.
Nh4 Bd3 30. Rd1 Ba6 31. Nf5 Bxc3 32. bxc3 Nd5 33. Rdg1 g6 34. Nxh6+ Kf8 35. e4 Nxc3 36.
Rc1 Nb5 37. Rxc6 Nd4 38. Rxa6 Ne6 39. Rxa7 Rd8 40. Rxf7+ Ke8 41. Rf6 Nd4 42. Rxg6 Rc8 43. Rd1 Rc2+ 44. Kf1 Nxf3 45. Rg2 Nh2+ 46. Kg1 Nf3+ 47.
Kh1 Rc6 48. Nf5 Rc7 49. Rg8+ Kf7 50. Rg7+ Kf6 51. Rxc7 Ne5 1-0

[Event "*** Titled Tuesday 3|2 Blitz"]
[Site "Chess.com"]
[Date "2017.05.02"]
[Round "3"]
[White "eldur16"]
[Black "Spartakus1975"]
[Result "0-1"]
[WhiteElo "2453"]
[BlackElo "2592"]
[TimeControl "180+2"]
[EndTime "13:35:01 PDT"]
[Termination "Spartakus1975 won by resignation"]

1. e4 e6 2. d4 d5 3. e5 c5 4. c3 Qb6 5. Nf3 Nc6 6. a3 Nh6 7.
b4 cxd4 8. Bxh6 gxh6 9. cxd4 Bd7 10.
Ra2 Rc8 11. Be2 Rg8 12. O-O Rg4 13. Rd2 a5 14. b5 Ne7 15. a4 Nf5 16. h3 Rg8 17.
Bd3 Bb4 18. Bxf5 Bxd2 19. Bxh7 Rg7 20. Nbxd2 Rxh7 21. Nb3 Qd8 22. Nc5 Rb8 23. Qd3 Rg7 24. Rc1 Rc8 25. Qd2 Kf8 26. Qxh6 b6 27. Nxd7+ Qxd7 28. Rxc8+ Qxc8 29. Qh8+ Rg8 30. Qf6 Rg6 31. Qh8+ Rg8 32.
Qh6+ Ke8 33. h4 Qc2 34. Qf4 Qxa4 35. h5 Qc2 36. h6 a4 37. Ng5 Qf5 38. h7 Rh8 39.
Qc1 Kf8 40. f3 Kg7 41. g4 Qd3 42. Qc7 Qxd4+ 43. Kg2 Qd2+ 44. Kg3 Qxg5 45. f4 Qh6 46. Qxb6 Rxh7 0-1

[Event "*** Titled Tuesday 3|2 Blitz"]
[Site "Chess.com"]
[Date "2017.05.02"]
[Round "3"]
[White "pedromartinez91"]
[Black "Mbneu"]
[Result "1-0"]
[WhiteElo "2299"]
[BlackElo "2141"]
[TimeControl "180+2"]
[EndTime "13:35:04 PDT"]
[Termination "pedromartinez91 won by resignation"]

1. e4 e5 2. Nf3 Nc6 3. Bc4 Nf6 4. O-O Bc5 5. c3 a6 6. d4 exd4 7. e5 d5 8. Bb3 Ne4 9. cxd4 Bb4 10. Nc3 Bg4 11. Nxd5 O-O 12. h3 Bxf3 13. Qxf3 Nd2 14. Bxd2 Bxd2 15. Qd3 Ba5 16. Rad1 Qh4 17. f4 Rad8 18. Qe4 Kh8 19. Ne3 Bb6 20. Nf5 Qh5 21. Kh2 g6 22. Ng3 f5 23. exf6 Qh4 24. d5 Na5 25. f5 Qxf6 26. fxg6 Qxg6 27. Qe5+ Qg7 28. Qxg7+ Kxg7 29. Nf5+ Kh8 30. g4 Nxb3 31. axb3 Bc5 32. Rfe1 Rde8 33. Re6 Rd8 34. Kg2 Rd7 35. Kf3 Rfd8 36.
Ke4 Kg8 37. Nh6+ Kg7 38. Rf1 c6 39. Nf5+ Kg8 40. d6 Bxd6 41. Rd1 Bc7 42. Rxd7 Rxd7 43. Re8+ Kf7 44. Rh8 Ke6 45. Nd4+ Kd6 46. b4 c5 47.
bxc5+ Kxc5 48. Ne6+ Kb4 49. g5 Kb3 50. Rc8 Ba5 51.
Nc5+ 1-0

[Event "*** Titled Tuesday 3|2 Blitz"]
[Site "Chess.com"]
[Date "2017.05.02"]
[Round "3"]
[White "bancsoo"]
[Black "Keranke"]
[Result "1-0"]
[WhiteElo "2588"]
[BlackElo "2610"]
[TimeControl "180+2"]
[EndTime "13:35:19 PDT"]
[Termination "bancsoo won by resignation"]

1. Nf3 g6 2. g3 Bg7 3. Bg2 Nf6 4.
O-O O-O 5. c4 d6 6. d4 c6 7. Nc3 Bf5 8. Ne1 e5 9. d5 cxd5 10. cxd5 a6 11. e4 Bc8 12. Nd3 Nbd7 13. Qe2 Nh5 14. Be3 h6 15. a4 Kh7 16. a5 Bf6 17. f3 Bg5 18. Bf2 f5 19. exf5 Rxf5 20.
Ne4 Ndf6 21. Nxg5+ hxg5 22. Qd2 g4 23. Bb6 Qg8 24.
fxg4 Nxg4 25. Rac1 Rxf1+ 26. Rxf1 Bf5 27. h3 Ngf6 28.
Kh2 Ne4 29. Bxe4 Bxe4 30. Nf2 Bxd5 31. Rc1 Bc6 32. Ng4 Qf8 33. Qd3 Nf6 34. Nxf6+ Qxf6 35. Rf1 Qe6 36. Qe3 Qd5 37. Qf2 Kg8 38. g4 Re8 39.
Be3 Qe6 40. Bg5 d5 41. Bf6 d4 42. Qh4 Qd5 43. Qh8+ Kf7 44. Bg5+ Ke6 45. Qf6+ Kd7 46. Rf2 Qe6 47. Qg7+ Kc8 48. Rf7 Qd6 49. Kg3 e4+ 50. Bf4 Qe6 51. Rc7+ Kd8 52. Bg5+ Re7 53. Rxe7 Qb3+ 54. Kh4 1-0

[Event "*** Titled Tuesday 3|2 Blitz"]
[Site "Chess.com"]
[Date "2017.05.02"]
[Round "3"]
[White "DryCounty"]
[Black "the_drake"]
[Result "1-0"]
[WhiteElo "2480"]
[BlackElo "2201"]
[TimeControl "180+2"]
[EndTime "13:35:22 PDT"]
[Termination "DryCounty won by checkmate"]

1. e4 e5 2. Nf3 Nc6 3. d4 exd4 4. Bc4 Bd6 5. Nxd4 Nf6 6. Nc3 O-O 7. O-O Nxd4 8. Qxd4 Re8 9. f3 b6 10.
Be3 Bc5 11. Qd2 Bxe3+ 12. Qxe3 Bb7 13. Qd4 d6 14. Rad1 Qe7 15. Rfe1 a5 16. Bb5 Nd7 17. Qf2 Rf8 18. e5 d5 19. Nxd5 Bxd5 20. Rxd5 Nc5 21.
Bc4 Ne6 22. g3 Qb4 23. Bb3 Ng5 24. Kg2 a4 25. c3 Qe7 26. Bc2 Nh3 27. Qd2 Ng5 28.
Bf5 g6 29. Rd7 Nxf3 30. Kxf3 Qc5 31. Rd5 Qc6 32. Be4 a3 33. b3 Rae8 34. c4 f5 35. Bc2 Qb7 36. Kf2 Re7 37. e6 Rfe8 38. Qf4 Rxe6 39. Rxe6 Rxe6 40. Rd8+ Kf7 41. Rd7+ Re7 42.
Rxe7+ Kxe7 43. Qf3 Qc8 44. Qe3+ Kf7 45. Bd1 c6 46. Bf3 Qc7 47. Qf4 Qd7 48. Qe3 Qc7 49. c5 bxc5 50. Qxc5 Kg7 51. Qd4+ Kf7 52. Qc4+ Kg7 53.
Qxc6 Qa7+ 54. Kg2 Qe3 55. Qd7+ Kh6 56. Qd8 Qe1 57. Qf8+ Kg5 58. h4# 1-0

[Event "*** Titled Tuesday 3|2 Blitz"]
[Site "Chess.com"]
[Date "2017.05.02"]
[Round "3"]
[White "platy3"]
[Black "David_Klein"]
[Result "0-1"]
[WhiteElo "2629"]
[BlackElo "2508"]
[TimeControl "180+2"]
[EndTime "13:35:23 PDT"]
[Termination "David_Klein won by resignation"]

1. e4 c5 2. Nf3 e6 3. d4 cxd4 4.
Nxd4 Nc6 5. Nc3 Qc7 6. f4 a6 7. Nxc6 bxc6 8. Bd3 d5 9. O-O Nf6 10. Kh1 Be7 11. Qf3 a5 12. Bd2 Ba6 13. f5 d4 14.
fxe6 dxc3 15. exf7+ Kf8 16. Bxc3 h5 17. Bxa6 Rxa6 18. Rad1 Ra8 19. Qf5 Rd8 20. Bxf6 Bxf6 21. e5 Be7 22. e6 h4 23. Qf3 Rh6 24. Qe4 h3 25. g3 c5 26. c3 Rxe6 27. Qc2 Rxd1 28.
Rxd1 Qc6+ 29. Kg1 c4 30. Qf2 Qg2+ 31. Qxg2 hxg2 32. Kxg2 Re2+ 33. Kf3 Rxb2 34. Rd4 Rxh2 35. a4 Rc2 36. Rxc4 Kxf7 37. Rc7 Ke6 38. Ke4 Ra2 39.
Rc4 Bd6 40. g4 g5 41. Kd3 Rf2 42. Re4+ Kd5 43. Rd4+ Kc6 44. Rc4+ Bc5 45. Re4 Rf3+ 46. Kc2 Rf4 47. Re6+ Kd5 48. Rg6 Rxg4 49. Kb3 Bd6 50.
c4+ Kc6 51. Kc3 Kc5 0-1

[Event "*** Titled Tuesday 3|2 Blitz"]
[Site "Chess.com"]
[Date "2017.05.02"]
[Round "3"]
[White "AdrianaNikolova"]
[Black "Saitama_Hero"]
[Result "0-1"]
[WhiteElo "2306"]
[BlackElo "2274"]
[TimeControl "180+2"]
[EndTime "13:35:23 PDT"]
[Termination "Saitama_Hero won by checkmate"]

1. e4 d6 2. d4 Nf6 3. Nc3 c6 4.
Nge2 e5 5. Be3 Nbd7 6. h3 b5 7.
a3 Be7 8. g4 h6 9. Bg2 Qc7 10.
O-O g5 11. Ng3 Nf8 12. Qd2 Ng6 13. Nf5 a6 14. Rad1 Bxf5 15. exf5 Nf4 16. Bxf4 gxf4 17. Rfe1 O-O-O 18. Qe2 Nd7 19. dxe5 dxe5 20. Qf3 Kb7 21. Ne4 Nc5 22. Rxd8 Rxd8 23. f6 Bf8 24. b4 Nxe4 25. Qxe4 a5 26. bxa5 Bc5 27. Rb1 Ka7 28. a4 b4 29. Qc4 Qxa5 30. Qxf7+ Kb6 31. Qe6 Rd6 32. Qc8 Rxf6 33. Qb8+ Ka6 34. Qa8+ Ba7 35. Bxc6 Qc5 36.
Bb5+ Ka5 37. Qd8+ Qb6 38. Qd2 Qd4 39. Qe2 f3 40. Qf1 h5 41. Be8 Qc5 42. Bxh5 Rf4 43. Bg6 e4 44. Bf5 e3 45. Bc8 e2 46. Qe1 Rd4 47. Qc1 Rd1+ 48. Qxd1 exd1=Q+ 49. Rxd1 Qxf2+ 50. Kh1 Qg2# 0-1